[ AOE2 MATCH · #507170812 ]
UnrankedMaya vs Lithuanians
Player's team · WIN
[ REPLAY ANALYSIS · EXTRACTED FROM THE RECORDED GAME ]
Feudal
12:36
Castle
16:14
Imperial
31:10
| APM avg | 55.9 |
| APM peak | 106 |
| eAPM avg | 32.2 |
| Villagers / military | 185 / 188 |
Focus
⚔️ 32.6% · 🌾 67.4%
Eagle Scout ×87 · Spearman ×76 · Trebuchet (Packed) ×14 · Plumed Archer ×7 · Militia ×4
Feudal
8:25
Castle
18:53
Imperial
33:45
| APM avg | 60.2 |
| APM peak | 112 |
| eAPM avg | 37.5 |
| Villagers / military | 149 / 68 |
Focus
⚔️ 61.0% · 🌾 39.0%
Leitis ×46 · Scout Cavalry ×8 · Monk ×5 · Hand Cannoneer ×5 · Scorpion ×3 · Mangonel ×1
Match map
Initial resources + every placement click. Lines = walls · curves = elevation contours. ◆ gold · ⬟ stone · ● berries · ✦ relic · ◌ wall gap
Your base· ✓ Closed at 16:14 · 60t walls · no gate
Emu Warrior's base· ✓ Closed at 18:53 · 57t walls · no gate
Smoothed initial terrain · ◌ = detected wall gap · hover for details
Inputs per minute
— _TieuQuy - - Emu Warrior
Build order — _TieuQuy
First 150 of 406 actions detected
| 0:01 | Research | Loom |
| 0:03 | Build | House |
| 0:04 | Build | House |
| 0:11 | Queue | Villager (Male) |
| 0:11 | Queue | Villager (Male) |
| 0:12 | Queue | Villager (Male) |
| 1:29 | Queue | Villager (Male) |
| 1:29 | Queue | Villager (Male) |
| 1:49 | Build | Lumber Camp |
| 1:51 | Queue | Villager (Male) |
| 1:51 | Queue | Villager (Male) |
| 1:56 | Build | Lumber Camp |
| 2:14 | Queue | Villager (Male) |
| 2:14 | Queue | Villager (Male) |
| 2:14 | Queue | Villager (Male) |
| 2:40 | Queue | Villager (Male) |
| 3:07 | Queue | Villager (Male) |
| 3:30 | Queue | Villager (Male) |
| 3:31 | Queue | Villager (Male) |
| 3:51 | Build | House |
| 4:04 | Queue | Villager (Male) |
| 4:04 | Queue | Villager (Male) |
| 4:29 | Queue | Villager (Male) |
| 4:40 | Build | Barracks |
| 4:49 | Queue | Villager (Male) |
| 5:12 | Build | House |
| 5:16 | Queue | Villager (Male) |
| 5:38 | Queue | Villager (Male) |
| 6:09 | Build | Palisade Wall |
| 6:09 | Queue | Militia |
| 6:10 | Queue | Militia |
| 6:10 | Queue | Militia |
| 6:19 | Queue | Villager (Male) |
| 6:27 | Build | Palisade Wall |
| 6:35 | Queue | Villager (Male) |
| 6:40 | Queue | Militia |
| 6:54 | Build | Mill |
| 6:58 | Build | Palisade Wall |
| 7:03 | Queue | Villager (Male) |
| 7:12 | Build | House |
| 7:19 | Queue | Villager (Male) |
| 7:33 | Build | Palisade Wall |
| 7:43 | Build | Palisade Wall |
| 7:48 | Build | House |
| 7:55 | Queue | Villager (Male) |
| 7:58 | Build | Palisade Wall |
| 8:37 | Build | Farm |
| 8:38 | Queue | Villager (Male) |
| 8:52 | Build | Farm |
| 8:53 | Queue | Villager (Male) |
| 9:00 | Build | Palisade Wall |
| 9:19 | Build | Farm |
| 9:19 | Queue | Villager (Male) |
| 9:27 | Build | House |
| 9:37 | Queue | Villager (Male) |
| 9:40 | Build | House |
| 9:45 | Build | Farm |
| 9:48 | Queue | Villager (Male) |
| 10:07 | Build | Farm |
| 10:21 | Build | Mining Camp |
| 10:26 | Research | Feudal Age |
| 10:27 | Research | Feudal Age |
| 11:24 | Queue | Villager (Male) |
| 11:24 | Queue | Villager (Male) |
| 12:36 | Age | Feudal Age |
| 12:40 | Build | Market |
| 12:45 | Build | Blacksmith |
| 13:12 | Build | Mining Camp |
| 13:34 | Research | Castle Age |
| 13:34 | Research | Castle Age |
| 13:41 | Build | House |
| 13:57 | Build | House |
| 14:01 | Build | House |
| 14:22 | Research | Double-Bit Axe |
| 14:22 | Research | Double-Bit Axe |
| 14:24 | Research | Stone Mining |
| 14:24 | Research | Stone Mining |
| 14:24 | Research | Stone Mining |
| 14:33 | Build | House |
| 14:53 | Build | House |
| 15:17 | Queue | Villager (Male) |
| 15:38 | Build | Stone Wall |
| 15:47 | Build | Stone Wall |
| 15:51 | Build | House |
| 16:14 | Age | Castle Age |
| 16:22 | Build | Town Center |
| 16:24 | Queue | Villager (Male) |
| 16:43 | Queue | Villager (Male) |
| 16:48 | Research | Bow Saw |
| 16:48 | Research | Bow Saw |
| 16:48 | Research | Bow Saw |
| 17:07 | Queue | Villager (Male) |
| 17:25 | Research | Horse Collar |
| 17:25 | Research | Horse Collar |
| 17:37 | Build | Castle |
| 17:38 | Queue | Villager (Male) |
| 17:39 | Queue | Villager (Male) |
| 17:43 | Queue | Villager (Male) |
| 17:48 | Build | Farm |
| 17:53 | Build | Stone Wall |
| 17:55 | Build | Stone Wall |
| 18:08 | Queue | Villager (Male) |
| 18:09 | Queue | Villager (Male) |
| 18:10 | Build | Farm |
| 18:23 | Queue | Villager (Male) |
| 18:29 | Build | Farm |
| 18:30 | Build | Farm |
| 18:34 | Build | Farm |
| 18:35 | Queue | Villager (Male) ×2 |
| 18:35 | Queue | Villager (Male) ×2 |
| 18:35 | Queue | Villager (Male) ×2 |
| 18:54 | Queue | Villager (Male) ×2 |
| 18:55 | Queue | Villager (Male) ×2 |
| 19:13 | Build | Farm |
| 19:13 | Queue | Villager (Male) |
| 19:14 | Queue | Villager (Male) |
| 19:20 | Queue | Plumed Archer |
| 19:22 | Queue | Plumed Archer |
| 19:22 | Queue | Villager (Male) |
| 19:23 | Queue | Villager (Male) |
| 19:31 | Build | Farm |
| 19:40 | Queue | Plumed Archer |
| 19:43 | Research | Fletching |
| 19:43 | Research | Fletching |
| 19:44 | Queue | Villager (Male) |
| 19:44 | Queue | Villager (Male) |
| 19:45 | Queue | Villager (Male) |
| 19:51 | Build | Farm |
| 19:51 | Build | Farm |
| 19:56 | Queue | Plumed Archer |
| 19:57 | Queue | Villager (Male) |
| 19:57 | Queue | Villager (Male) |
| 20:05 | Build | House |
| 20:13 | Queue | Villager (Male) |
| 20:17 | Build | Farm |
| 20:18 | Queue | Villager (Male) |
| 20:21 | Queue | Plumed Archer |
| 20:34 | Build | Watch Tower |
| 20:38 | Queue | Villager (Male) |
| 20:40 | Queue | Plumed Archer |
| 20:52 | Build | Gate |
| 20:53 | Build | House |
| 20:55 | Queue | Villager (Male) ×2 |
| 21:09 | Queue | Villager (Male) |
| 21:16 | Queue | Villager (Male) |
| 21:16 | Queue | Villager (Male) |
| 21:16 | Queue | Villager (Male) |
| 21:21 | Build | University |
| 21:28 | Queue | Villager (Male) |
| 21:28 | Queue | Villager (Male) |
Build order — Emu Warrior
First 150 of 406 actions detected
| 0:00 | Queue | Villager (Male) |
| 0:01 | Queue | Villager (Male) |
| 0:01 | Queue | Villager (Male) |
| 0:01 | Queue | Villager (Male) |
| 0:02 | Build | House |
| 0:04 | Build | House |
| 0:14 | Queue | Villager (Male) |
| 0:20 | Queue | Villager (Male) |
| 1:16 | Queue | Villager (Male) |
| 1:16 | Queue | Villager (Male) |
| 1:35 | Queue | Villager (Male) |
| 1:35 | Queue | Villager (Male) |
| 1:46 | Build | Lumber Camp |
| 2:09 | Queue | Villager (Male) |
| 2:48 | Queue | Villager (Male) |
| 3:04 | Queue | Villager (Male) |
| 3:32 | Build | House |
| 3:42 | Queue | Villager (Male) |
| 3:44 | Build | House |
| 3:50 | Queue | Villager (Male) |
| 3:50 | Queue | Villager (Male) |
| 4:00 | Queue | Villager (Male) |
| 4:49 | Build | Mill |
| 5:15 | Queue | Villager (Male) |
| 5:29 | Research | Loom |
| 6:05 | Research | Feudal Age |
| 6:31 | Queue | Villager (Male) |
| 6:32 | Build | Palisade Wall |
| 6:35 | Build | Palisade Wall |
| 6:52 | Queue | Villager (Male) |
| 6:52 | Queue | Villager (Male) |
| 7:18 | Build | Barracks |
| 8:25 | Age | Feudal Age |
| 8:27 | Build | Stable |
| 8:38 | Research | Double-Bit Axe |
| 8:50 | Build | Palisade Wall |
| 8:51 | Build | Palisade Wall |
| 9:08 | Queue | Scout Cavalry |
| 9:09 | Queue | Scout Cavalry |
| 9:11 | Queue | Villager (Male) |
| 9:15 | Build | House |
| 9:16 | Build | Palisade Wall |
| 9:24 | Build | Palisade Wall |
| 9:45 | Build | Farm |
| 9:50 | Build | House |
| 9:54 | Queue | Scout Cavalry |
| 9:59 | Build | Palisade Wall |
| 10:03 | Queue | Villager (Male) |
| 10:08 | Build | Farm |
| 10:15 | Build | House |
| 10:18 | Queue | Scout Cavalry |
| 10:23 | Build | House |
| 10:28 | Queue | Villager (Male) |
| 10:29 | Queue | Villager (Male) |
| 10:36 | Build | Farm |
| 10:57 | Build | House |
| 11:15 | Queue | Villager (Male) |
| 11:18 | Build | Mining Camp |
| 11:26 | Build | Palisade Wall |
| 11:28 | Build | Palisade Wall |
| 11:30 | Build | Palisade Wall |
| 11:33 | Build | Palisade Wall |
| 11:42 | Queue | Villager (Male) |
| 11:55 | Build | Farm |
| 12:01 | Queue | Villager (Male) |
| 12:07 | Build | Palisade Wall |
| 12:09 | Build | Palisade Wall |
| 12:12 | Queue | Villager (Male) |
| 12:16 | Build | Farm |
| 12:27 | Queue | Villager (Male) |
| 12:28 | Build | Farm |
| 12:42 | Queue | Villager (Male) |
| 12:45 | Build | Farm |
| 12:56 | Build | Farm |
| 13:03 | Queue | Villager (Male) |
| 13:17 | Build | Farm |
| 13:27 | Queue | Villager (Male) |
| 13:29 | Build | Farm |
| 13:38 | Build | Farm |
| 14:04 | Build | Blacksmith |
| 14:09 | Queue | Villager (Male) |
| 14:29 | Build | Farm |
| 14:43 | Build | Palisade Wall |
| 14:47 | Queue | Villager (Male) |
| 14:49 | Build | Farm |
| 15:02 | Build | Farm |
| 15:31 | Research | Town Watch |
| 15:45 | Build | Farm |
| 16:13 | Research | Castle Age |
| 16:21 | Build | Lumber Camp |
| 16:34 | Build | Palisade Wall |
| 17:00 | Build | House |
| 17:20 | Queue | Villager (Male) |
| 17:21 | Queue | Villager (Male) |
| 17:23 | Build | House |
| 17:28 | Build | Palisade Wall |
| 17:29 | Build | Palisade Wall |
| 17:29 | Build | Palisade Wall |
| 17:30 | Build | Palisade Wall |
| 17:46 | Build | House |
| 17:47 | Queue | Villager (Male) |
| 17:52 | Research | Bloodlines |
| 17:57 | Research | Horse Collar |
| 18:20 | Research | Gold Mining |
| 18:31 | Build | Stable |
| 18:53 | Age | Castle Age |
| 18:58 | Build | Siege Workshop |
| 19:01 | Research | Light Cavalry (upgrade) |
| 19:08 | Build | Monastery |
| 19:14 | Build | Market |
| 19:18 | Queue | Villager (Male) |
| 19:30 | Queue | Scout Cavalry |
| 19:31 | Queue | Scout Cavalry |
| 19:36 | Queue | Villager (Male) |
| 19:36 | Queue | Villager (Male) |
| 20:02 | Queue | Scout Cavalry |
| 20:02 | Queue | Scout Cavalry |
| 20:18 | Queue | Scorpion |
| 20:21 | Queue | Villager (Male) |
| 20:23 | Queue | Monk |
| 20:28 | Build | House |
| 20:38 | Research | Husbandry |
| 20:42 | Queue | Scorpion |
| 20:57 | Queue | Villager (Male) |
| 20:57 | Queue | Villager (Male) |
| 20:58 | Queue | Monk |
| 21:07 | Queue | Villager (Male) |
| 21:29 | Build | Town Center |
| 21:43 | Build | House |
| 21:50 | Queue | Villager (Male) |
| 21:50 | Queue | Villager (Male) |
| 21:50 | Queue | Villager (Male) |
| 22:16 | Research | Scale Barding Armor |
| 22:21 | Build | House |
| 22:33 | Queue | Villager (Male) |
| 22:46 | Build | Town Center |
| 22:51 | Queue | Villager (Male) |
| 22:51 | Queue | Villager (Male) |
| 22:51 | Queue | Villager (Male) |
| 22:53 | Build | Farm |
| 23:02 | Queue | Villager (Male) |
| 23:02 | Queue | Villager (Male) |
| 23:04 | Build | House |
| 23:06 | Queue | Villager (Male) |
| 23:18 | Queue | Monk |
| 23:24 | Queue | Villager (Male) |
| 23:25 | Queue | Villager (Male) |
| 23:36 | Queue | Mangonel |
| 23:39 | Build | House |
| 23:42 | Queue | Villager (Male) |
Match timeline
| 4:40 | _TieuQuy · first_building Barracks |
| 6:09 | _TieuQuy · wall_segment Palisade Wall x14 |
| 6:27 | _TieuQuy · wall_segment Palisade Wall x12 |
| 6:32 | Emu Warrior · wall_segment Palisade Wall x1 |
| 6:35 | Emu Warrior · wall_segment Palisade Wall x1 |
| 6:58 | _TieuQuy · wall_segment Palisade Wall x3 |
| 7:18 | Emu Warrior · first_building Barracks |
| 7:33 | _TieuQuy · wall_segment Palisade Wall x2 |
| 7:43 | _TieuQuy · wall_segment Palisade Wall x12 |
| 7:58 | _TieuQuy · wall_segment Palisade Wall x12 |
| 8:25 | Emu Warrior · age_up feudal |
| 8:27 | Emu Warrior · first_building Stable |
| 8:50 | Emu Warrior · wall_segment Palisade Wall x1 |
| 8:51 | Emu Warrior · wall_segment Palisade Wall x1 |
| 9:00 | _TieuQuy · wall_segment Palisade Wall x5 |
| 9:16 | Emu Warrior · wall_segment Palisade Wall x5 |
| 9:24 | Emu Warrior · wall_segment Palisade Wall x1 |
| 9:59 | Emu Warrior · wall_segment Palisade Wall x1 |
| 11:26 | Emu Warrior · wall_segment Palisade Wall x5 |
| 11:28 | Emu Warrior · wall_segment Palisade Wall x3 |
| 11:30 | Emu Warrior · wall_segment Palisade Wall x7 |
| 11:33 | Emu Warrior · wall_segment Palisade Wall x5 |
| 12:07 | Emu Warrior · wall_segment Palisade Wall x6 |
| 12:09 | Emu Warrior · wall_segment Palisade Wall x12 |
| 12:36 | _TieuQuy · age_up feudal |
| 14:43 | Emu Warrior · wall_segment Palisade Wall x1 |
| 15:38 | _TieuQuy · wall_segment Stone Wall x1 |
| 15:47 | _TieuQuy · wall_segment Stone Wall x1 |
| 16:14 | _TieuQuy · age_up castle |
| 16:19 | _TieuQuy · first_market_buy 100 wood |
| 16:34 | Emu Warrior · wall_segment Palisade Wall x1 |
| 17:28 | Emu Warrior · wall_segment Palisade Wall x1 |
| 17:29 | Emu Warrior · wall_segment Palisade Wall x1 |
| 17:29 | Emu Warrior · wall_segment Palisade Wall x1 |
| 17:30 | Emu Warrior · wall_segment Palisade Wall x4 |
| 17:37 | _TieuQuy · first_building Castle |
| 17:53 | _TieuQuy · wall_segment Stone Wall x3 |
| 17:55 | _TieuQuy · wall_segment Stone Wall x10 |
| 18:53 | Emu Warrior · age_up castle |
| 18:58 | Emu Warrior · first_building Siege Workshop |
| 19:08 | Emu Warrior · first_building Monastery |
| 21:10 | Emu Warrior · first_market_sell 100 food |
| 21:11 | Emu Warrior · first_market_buy 100 wood |
| 28:25 | _TieuQuy · wall_segment Stone Wall x6 |
| 28:36 | _TieuQuy · wall_segment Stone Wall x3 |
| 28:37 | _TieuQuy · wall_segment Stone Wall x3 |
| 28:38 | _TieuQuy · wall_segment Stone Wall x7 |
| 29:54 | Emu Warrior · first_building Castle |
| 30:47 | Emu Warrior · wall_segment Palisade Wall x4 |
| 30:59 | Emu Warrior · wall_segment Palisade Wall x1 |
| 31:10 | _TieuQuy · age_up imperial |
| 32:31 | Emu Warrior · wall_segment Stone Wall x1 |
| 32:36 | Emu Warrior · wall_segment Stone Wall x1 |
| 32:40 | Emu Warrior · wall_segment Stone Wall x1 |
| 32:44 | Emu Warrior · wall_segment Stone Wall x1 |
| 32:57 | Emu Warrior · wall_segment Stone Wall x4 |
| 33:00 | Emu Warrior · wall_segment Stone Wall x5 |
| 33:02 | Emu Warrior · wall_segment Stone Wall x3 |
| 33:36 | Emu Warrior · wall_segment Stone Wall x5 |
| 33:45 | Emu Warrior · age_up imperial |
| 33:46 | Emu Warrior · wall_segment Stone Wall x4 |
| 34:22 | Emu Warrior · wall_segment Stone Wall x3 |
| 34:25 | Emu Warrior · wall_segment Stone Wall x3 |
| 36:21 | Emu Warrior · first_building Archery Range |
| 36:24 | _TieuQuy · wall_segment Stone Wall x3 |
| 36:25 | _TieuQuy · wall_segment Stone Wall x1 |
| 39:24 | Emu Warrior · wall_segment Palisade Wall x1 |
| 39:39 | Emu Warrior · resign |
[ AI ANALYSIS · 1 CREDIT ]
What really happened in this match?
Wolo.gg analyzes every decision: build order, eco, micro, common mistakes by bracket. Personalized analysis on WhatsApp or Discord in 30 seconds.
Civ guide
Maya
Perfil
Jugador #2593750